 Dungeon Crawl Stone Soup version bcrawl-1.27.6 (webtiles) character file.

Game seed: 1858577960688305407

97504 DogServant the Sneak (level 2, 17/17 HPs)
             Began as an Octopode Wizard on Oct 8, 2020.
             Quit the game on level 1 of the Dungeon.
             The game lasted 00:01:40 (577 turns).

DogServant the Sneak (Octopode Wizard)               Turns: 577, Time: 00:01:40

Health: 17/17      AC:  1    Str:  6    XL:     2   Next: 45%
Magic:  6/6        EV: 13    Int: 20    God:
Gold:   79         SH:  0    Dex: 10    Spells: 6/7 levels left

rFire    . . .     SeeInvis .   a - +0 staff
rCold    . . .     Gourm    .   (no shield)
rNeg     . . .     Faith    .   b - +0 hat
rPois    .         Spirit   .   (cloak restricted)
rElec    .         Reflect  .   (no amulet)
rCorr    .         Harm     .   (no ring)
MR       .....                  (no ring)
Stlth    +++.......             (no ring)
HPRegen  0.05/turn              (no ring)
MPRegen  0.10/turn              (no ring)
                                (no ring)
                                (no ring)
                                (no ring)

@: very slightly contaminated
A: almost no armour, stealthy swim, amphibious, 8 rings, constrict 8, camouflage
1, gelatinous body 1
a: no special abilities


You were on level 1 of the Dungeon.
You were not hungry.

You visited 1 branch of the dungeon, and saw 1 of its levels.

You collected 79 gold pieces.

Inventory:

Hand Weapons
 a - a +0 staff (weapon)
Armour
 b - a +0 hat (worn)
Scrolls
 f - a scroll of identify
 h - a scroll of magic mapping {unknown}
 i - a scroll of fog {unknown}
Potions
 d - a potion of brilliance
 g - a potion of curing {unknown}
Comestibles
 c - a chunk of flesh
 e - a ration {!d}


   Skills:
 + Level 2.2 Dodging
 + Level 3.6 Stealth
 + Level 3.2 Spellcasting
 + Level 1.0 Conjurations
   Level 1.0 Summonings
   Level 1.0 Translocations


You had 6 spell levels left.
You knew the following spells:

 Your Spells              Type           Power        Failure   Level  Hunger
a - Magic Dart            Conj           #...         9%          1    None

Your spell library contained the following spells:

 Spells                   Type           Power        Failure   Level  Hunger
 Blink                    Tloc           N/A          14%         2    #......
 Call Imp                 Summ           #.....       14%         2    #......
 Conjure Flame            Conj/Fire      #.......     32%         3    ####...
 Mephitic Cloud           Conj/Pois/Air  #.......     36%         3    ####...
 Spider Form              Tmut/Pois      #..          38%         3    ####...


Dungeon Overview and Level Annotations

Branches:
Dungeon (1/12)

Altars:


Innate Abilities, Weirdness & Mutations

You cannot wear most types of armour.
You are very stealthy in the water. (Stealth+)
You are amphibious.
You can wear up to eight rings at the same time.
You can use your tentacles to constrict eight enemies at once.
Your skin changes colour to match your surroundings (Stealth+).
Your rubbery body absorbs attacks. (AC +1, EV +1)


Message History

Okay, then.
Unknown command.
Unknown command.
Unknown command.
Saving game... please wait.
Welcome back, DogServant the Octopode Wizard.
Press m to set your skill training.
Press ? for a list of commands and other information.
Unknown command.
No path to travel!
Are you sure you want to abandon this character and quit the game? (Confirm with "yes".)
Okay, then.
Unknown command.
Unknown command.
Saving game... please wait.
Welcome back, DogServant the Octopode Wizard.
Press m to set your skill training.
Press ? for a list of commands and other information.
Magic restored.
A dart slug comes into view.
A dart slug is nearby!
Are you sure you want to abandon this character and quit the game? (Confirm with "yes".)

####### # ##### #.....#
# ...# #.###.###
##..#### #.# #....
##...$..# #.###....
#.....#.# #.....#..
#.....#.######.#.#..
#.##..............#.#..
#....$@.##.########.#.#
####..####.# ..... #..
..# #.... ##. ###. ###
#. . .. .. ## .. .! #.
!w #. #.


You could see a dart slug (sleeping).

Vanquished Creatures
  A leopard gecko (D:1)
  2 bats (D:1)
  4 kobolds (D:1)
  A quokka (D:1)
  2 frilled lizards (D:1)
  4 rats (D:1)
14 creatures vanquished.

Notes
Turn   | Place    | Note
-------+----------+-------------------------------------------
     0 | D:1      | DogServant the Octopode Wizard began the quest for the Orb.
     0 | D:1      | Reached XP level 1. HP: 11/11 MP: 4/4
   285 | D:1      | Reached XP level 2. HP: 17/17 MP: 4/6
   577 | D:1      | Quit the game

Action                   || total
-------------------------++-------
Melee: Staff             ||    13
       Constrict         ||     2
       Tentacles         ||     1
 Cast: Magic Dart        ||    24
Armor: Skin              ||     6
Dodge: Dodged            ||    15
